Senators vs Bruins

Created - October 18 2011 at 18:40

Goals
1 2 3 T
Senators 3 1 1 5
Bruins 3 1 0 4
Shots
1 2 3 T
Senators 8 11 14 33
Bruins 12 9 5 26

Period #1

1. Senators , Sidney Crosby 4 (Nicklas Lidstrom) at 5:42
2. Bruins , Rick Nash 4 (Tobias Enstrom, Patrice Bergeron) at 9:02
3. Bruins , David Jones 1 (Tyler Seguin) at 14:22
4. Senators , Sidney Crosby 5 (Jamie Benn, Nicklas Lidstrom) at 15:04
5. Bruins , Jordan Leopold 2 (Evander Kane, Zdeno Chara) at 15:36
6. Senators , Jamie Benn 2 (Sidney Crosby, Claude Giroux) at 17:00

Penalties :
Zdeno Chara (BOS) for Hooking (Minor) at 0:03, Dustin Brown (BOS) for Hooking (Minor) at 3:10, Jan Hejda (OTT) for Hooking (Minor) at 11:12, Patrick Eaves (OTT) for Roughing (Minor) at 11:43, Zdeno Chara (BOS) for Hooking (Minor) at 17:19, Dustin Brown (BOS) for Interference (Minor) at 19:29

Period #2

7. Bruins , Jordan Leopold 3 (Milan Lucic, Dustin Brown) at 2:37 (PP)
8. Senators , Dion Phaneuf 1 (Jason Spezza, John-Michael Liles) at 3:51 (PP)

Penalties :
Patrick Eaves (OTT) for Holding (Minor) at 2:09, Toni Lydman (BOS) for High sticking (Minor) at 3:15, Ryan Kesler (OTT) for Cross-checking (Minor) at 5:19, Toni Lydman (BOS) for Tripping (Minor) at 13:48, Milan Lucic (BOS) for Slashing (Double Minor) at 14:12, Ryan Kesler (OTT) for Roughing (Minor) at 19:52

Period #3

9. Senators , Nick Foligno 1 (Dion Phaneuf, Claude Giroux) at 9:34 (PP)

Penalties :
Milan Lucic (BOS) for Cross-checking (Minor) at 4:13, Jamie Benn (OTT) for Cross-checking (Minor) at 5:11, Brad Marchand (BOS) for Hooking (Minor) at 5:34, Zdeno Chara (BOS) for Roughing (Minor) at 8:05, Ruslan Salei (OTT) for Hooking (Minor) at 10:54, Benoit Pouliot (BOS) for Cross-checking (Minor) at 18:19

Goalie Stats

Brian Boucher (OTT), 13 saves from 13 shots - (1.000), W, 1-0-0, 37:23 minutes
Carey Price (OTT), 9 saves from 13 shots - (0.692), 22:37 minutes
Tuukka Rask (BOS), 19 saves from 20 shots - (0.950), L, 0-1-0, 36:09 minutes
Cam Ward (BOS), 9 saves from 13 shots - (0.692), 23:51 minutes

Players Stats

Senators
Player Name              G  A  P  +/- PIM S  H  SB FO    MP 
------------------------------------------------------------
Ales Hemsky              0  0  0   0  0   0  0  0  2/7   19 
Claude Giroux            0  2  2   2  0   2  1  0  0/0   19 
Daniel Alfredsson        0  0  0  -2  0   1  2  0  0/0   10 
Derek Morris             0  0  0  -2  0   1  0  1  0/0   17 
Dion Phaneuf             1  1  2   0  0   2  2  0  0/0   23 
Jamie Benn               1  1  2   2  2   7  1  0  1/3   19 
Jan Hejda                0  0  0   2  2   0  2  0  0/0   21 
Jason Spezza             0  1  1  -2  0   4  0  0  14/23 20 
Jesse Winchester         0  0  0   0  0   0  0  0  4/5   4  
John-Michael Liles       0  1  1   0  0   3  0  0  0/0   20 
Nick Foligno             1  0  1  -2  0   1  3  0  1/2   14 
Nicklas Lidstrom         0  2  2   2  0   1  0  0  0/0   21 
Nikita Filatov           0  0  0   0  0   0  0  0  0/0   7  
Patrick Eaves            0  0  0   0  4   0  2  0  0/1   10 
Peter Regin              0  0  0   0  0   0  1  0  0/1   9  
Ruslan Salei             0  0  0  -2  2   0  1  0  0/0   17 
Ryan Kesler              0  0  0   0  4   3  1  0  16/23 15 
Sidney Crosby            2  1  3   2  0   8  2  0  14/30 21 
Bruins
Player Name              G  A  P  +/- PIM S  H  SB FO    MP 
------------------------------------------------------------
Adam McQuaid             0  0  0  -1  0   0  3  2  0/0   17 
Benoit Pouliot           0  0  0  -1  2   0  2  1  0/0   8  
Brad Marchand            0  0  0   1  2   2  1  1  0/2   18 
David Jones              1  0  1  -1  0   4  1  0  0/0   8  
David Krejci             0  0  0   0  0   0  0  0  10/20 14 
Dennis Seidenberg        0  0  0  -1  0   1  3  1  0/0   23 
Derick Brassard          0  0  0   0  0   0  1  0  10/22 15 
Dustin Brown             0  1  1   0  4   3  0  0  0/1   14 
Evander Kane             0  1  1   0  0   1  1  1  0/1   10 
Jordan Leopold           2  0  2   0  0   3  0  0  0/0   18 
Milan Lucic              0  1  1   0  6   1  2  0  1/2   15 
Nathan Horton            0  0  0   0  0   1  1  0  0/0   10 
Patrice Bergeron         0  1  1   1  0   2  1  0  15/26 19 
Rick Nash                1  0  1   1  0   3  1  0  0/2   15 
Tobias Enstrom           0  1  1   1  0   0  0  0  0/0   17 
Toni Lydman              0  0  0   1  4   0  3  0  0/0   21 
Tyler Seguin             0  1  1  -1  0   3  0  0  7/19  13 
Zdeno Chara              0  1  1   0  6   2  2  2  0/0   23 

3 Stars

1 - Sidney Crosby (OTT)
2 - Jordan Leopold (BOS)
3 - Dion Phaneuf (OTT)

Power Play

Senators - 2 on 12 Attempt(s) - 16.67%
Bruins - 1 on 7 Attempt(s) - 14.29%

Penalty Kill

Senators - 6 on 7 Attempt(s) - 85.71% - Score 0 goal in Penalty Kill
Bruins - 10 on 12 Attempt(s) - 83.33% - Score 0 goal in Penalty Kill

Game Notes

The goal is going for a video replay. After video review, No Goal.
Brian Boucher enters game at 2:37 of 2nd period
Tuukka Rask enters game at 3:51 of 2nd period

Finance

Level 1 -- Attendance: 6258 (96.28%) -- Ticket Income $469,350.00
Level 2 -- Attendance: 4509 (90.18%) -- Ticket Income $225,450.00
Level 3 -- Attendance: 3232 (92.34%) -- Ticket Income $96,960.00
Level 4 -- Attendance: 1565 (100.00%) -- Ticket Income $31,300.00
Luxury Box -- Attendance: 1000 (100.00%) -- Ticket Income $150,000.00
Game was played at the TD Garden
Total Attendance: 16564 (94.30%)
Total Ticket Income: $1,034,958.00
Other Income: $205,590.00
Total Income: $1,240,548.00


Play by Play

Period #1

0:01 of 1st period - Sidney Crosby wins face-off versus David Krejci in neutral zone.
0:03 of 1st period - Minor Penalty to Zdeno Chara for Hooking.
0:04 of 1st period - Sidney Crosby wins face-off versus Patrice Bergeron in Bruins zone.
0:04 of 1st period - Jamie Benn is hit by Adam McQuaid and loses puck.
0:23 of 1st period - Shot by Sidney Crosby.
0:23 of 1st period - The goal is going for a video replay.
0:23 of 1st period - The goal is refused.
0:24 of 1st period - Jason Spezza wins face-off versus David Krejci in Bruins zone.
0:25 of 1st period - Shot by John-Michael Liles.
0:25 of 1st period - Stopped by Cam Ward without a rebound.
0:26 of 1st period - Jason Spezza wins face-off versus David Krejci in Bruins zone.
2:03 of 1st period - Shot by Sidney Crosby.
2:03 of 1st period - Deflect By Patrick Eaves.
2:03 of 1st period - Shot Blocked by Evander Kane.
2:12 of 1st period - Derick Brassard is hit by Ruslan Salei and loses puck.
2:27 of 1st period - Shot by Zdeno Chara.
2:27 of 1st period - Stopped by Carey Price without a rebound.
2:28 of 1st period - Ryan Kesler wins face-off versus Tyler Seguin in Senators zone.
2:37 of 1st period - Ryan Kesler is hit by Benoit Pouliot and loses puck.
2:53 of 1st period - Shot by Dennis Seidenberg.
2:53 of 1st period - Shot Misses the Net.
2:55 of 1st period - Shot by Tyler Seguin.
2:55 of 1st period - Stopped by Carey Price without a rebound.
2:56 of 1st period - Patrice Bergeron wins face-off versus Sidney Crosby in Senators zone.
2:59 of 1st period - Shot by Patrice Bergeron.
2:59 of 1st period - Stopped by Carey Price without a rebound.
3:00 of 1st period - Derick Brassard wins face-off versus Sidney Crosby in Senators zone.
3:10 of 1st period - Minor Penalty to Dustin Brown for Hooking.
3:11 of 1st period - David Krejci wins face-off versus Sidney Crosby in Bruins zone.
4:04 of 1st period - Toni Lydman is hit by Nick Foligno and loses puck.
5:08 of 1st period - Shot by Sidney Crosby.
5:08 of 1st period - Stopped by Cam Ward without a rebound.
5:09 of 1st period - David Krejci wins face-off versus Sidney Crosby in Bruins zone.
5:11 of 1st period - Icing by Dennis Seidenberg.
5:12 of 1st period - Ryan Kesler wins face-off versus Derick Brassard in Bruins zone.
5:36 of 1st period - Icing by Jordan Leopold.
5:37 of 1st period - Sidney Crosby wins face-off versus Derick Brassard in Bruins zone.
5:42 of 1st period - Shot by Sidney Crosby.
5:42 of 1st period - Goal by Sidney Crosby - Senators : 1 - Bruins : 0.
5:43 of 1st period - Tyler Seguin wins face-off versus Sidney Crosby in neutral zone.
6:08 of 1st period - Shot by Jamie Benn.
6:08 of 1st period - Shot Blocked by Adam McQuaid.
6:12 of 1st period - Shot by Jamie Benn.
6:12 of 1st period - Stopped by Cam Ward without a rebound.
6:13 of 1st period - Jason Spezza wins face-off versus Patrice Bergeron in Bruins zone.
7:15 of 1st period - Off-side.
7:16 of 1st period - Ryan Kesler wins face-off versus David Krejci in neutral zone.
7:25 of 1st period - Shot by Ales Hemsky.
7:25 of 1st period - Shot Misses the Net.
7:59 of 1st period - Shot by Milan Lucic.
7:59 of 1st period - Shot Misses the Net.
8:45 of 1st period - Shot by David Jones.
8:45 of 1st period - Shot Misses the Net.
8:58 of 1st period - Icing by Jan Hejda.
8:59 of 1st period - Patrice Bergeron wins face-off versus Sidney Crosby in Senators zone.
9:02 of 1st period - Shot by Rick Nash.
9:02 of 1st period - Goal by Rick Nash - Senators : 1 - Bruins : 1.
9:03 of 1st period - Patrice Bergeron wins face-off versus Jason Spezza in neutral zone.
9:08 of 1st period - Shot by Patrice Bergeron.
9:08 of 1st period - Shot Misses the Net.
9:15 of 1st period - Off-side.
9:16 of 1st period - Derick Brassard wins face-off versus Ryan Kesler in neutral zone.
10:48 of 1st period - Shot by Rick Nash.
10:48 of 1st period - Deflect By Patrice Bergeron.
10:48 of 1st period - Stopped by Carey Price with a rebound.
10:52 of 1st period - Shot by Brad Marchand.
10:52 of 1st period - Stopped by Carey Price without a rebound.
10:53 of 1st period - Sidney Crosby wins face-off versus Patrice Bergeron in Senators zone.
11:12 of 1st period - Minor Penalty to Jan Hejda for Hooking.
11:13 of 1st period - Ryan Kesler wins face-off versus Dustin Brown in Senators zone.
11:43 of 1st period - Minor Penalty to Patrick Eaves for Roughing.
11:44 of 1st period - Ryan Kesler wins face-off versus Derick Brassard in Senators zone.
11:57 of 1st period - Shot by Zdeno Chara.
11:57 of 1st period - Stopped by Carey Price without a rebound.
11:58 of 1st period - Derick Brassard wins face-off versus Ryan Kesler in Senators zone.
11:59 of 1st period - Shot by Rick Nash.
11:59 of 1st period - Stopped by Carey Price without a rebound.
12:00 of 1st period - Ryan Kesler wins face-off versus Derick Brassard in Senators zone.
12:55 of 1st period - Shot by Milan Lucic.
12:55 of 1st period - Stopped by Carey Price without a rebound.
12:56 of 1st period - Ryan Kesler wins face-off versus Tyler Seguin in Senators zone.
13:04 of 1st period - Off-side.
13:05 of 1st period - Ryan Kesler wins face-off versus Tyler Seguin in neutral zone.
14:00 of 1st period - Shot by Claude Giroux.
14:00 of 1st period - Shot Misses the Net.
14:02 of 1st period - Shot by Sidney Crosby.
14:02 of 1st period - Stopped by Cam Ward without a rebound.
14:03 of 1st period - Derick Brassard wins face-off versus Ryan Kesler in Bruins zone.
14:08 of 1st period - Ryan Kesler is hit by Evander Kane.
14:14 of 1st period - Shot by Dustin Brown.
14:14 of 1st period - Deflect By Derick Brassard.
14:14 of 1st period - Shot Misses the Net.
14:16 of 1st period - Shot by Zdeno Chara.
14:16 of 1st period - Shot Misses the Net.
14:20 of 1st period - Shot by Evander Kane.
14:20 of 1st period - Stopped by Carey Price without a rebound.
14:21 of 1st period - Tyler Seguin wins face-off versus Jason Spezza in Senators zone.
14:22 of 1st period - Shot by David Jones.
14:22 of 1st period - Goal by David Jones - Senators : 1 - Bruins : 2.
14:23 of 1st period - Jamie Benn wins face-off versus Patrice Bergeron in neutral zone.
14:39 of 1st period - Icing by Sidney Crosby.
14:40 of 1st period - Sidney Crosby wins face-off versus Tyler Seguin in Senators zone.
14:40 of 1st period - Sidney Crosby is hit by David Jones.
14:48 of 1st period - Shot by Jamie Benn.
14:48 of 1st period - Shot Blocked by Benoit Pouliot.
14:52 of 1st period - Shot by Sidney Crosby.
14:52 of 1st period - Shot Misses the Net.
14:54 of 1st period - Shot by Jamie Benn.
14:54 of 1st period - Shot Misses the Net.
15:04 of 1st period - Shot by Sidney Crosby.
15:04 of 1st period - Goal by Sidney Crosby - Senators : 2 - Bruins : 2.
15:05 of 1st period - Derick Brassard wins face-off versus Jason Spezza in neutral zone.
15:30 of 1st period - Shot by Derick Brassard.
15:30 of 1st period - Shot Misses the Net.
15:34 of 1st period - Shot by Evander Kane.
15:34 of 1st period - Shot Blocked by Derek Morris.
15:36 of 1st period - Shot by Jordan Leopold.
15:36 of 1st period - Goal by Jordan Leopold - Senators : 2 - Bruins : 3.
15:37 of 1st period - Ryan Kesler wins face-off versus Brad Marchand in neutral zone.
16:22 of 1st period - Ryan Kesler is hit by Rick Nash and loses puck.
16:30 of 1st period - Icing by John-Michael Liles.
16:31 of 1st period - Tyler Seguin wins face-off versus Ales Hemsky in Senators zone.
17:00 of 1st period - Shot by Sidney Crosby.
17:00 of 1st period - Deflect By Jamie Benn.
17:00 of 1st period - Goal by Jamie Benn - Senators : 3 - Bruins : 3.
17:01 of 1st period - Nick Foligno wins face-off versus Derick Brassard in neutral zone.
17:19 of 1st period - Minor Penalty to Zdeno Chara for Hooking.
17:20 of 1st period - Ales Hemsky wins face-off versus David Krejci in Bruins zone.
18:05 of 1st period - Dennis Seidenberg is hit by Sidney Crosby.
19:29 of 1st period - Minor Penalty to Dustin Brown for Interference.
19:30 of 1st period - Patrice Bergeron wins face-off versus Jason Spezza in Bruins zone.
19:30 of 1st period - Patrice Bergeron is hit by Nick Foligno.

Period #2

0:01 of 2nd period - Patrice Bergeron wins face-off versus Jamie Benn in neutral zone.
1:22 of 2nd period - Shot by Jason Spezza.
1:22 of 2nd period - Stopped by Cam Ward with a rebound.
2:09 of 2nd period - Minor Penalty to Patrick Eaves for Holding.
2:10 of 2nd period - Jesse Winchester wins face-off versus Tyler Seguin in Senators zone.
2:16 of 2nd period - Icing by Milan Lucic.
2:17 of 2nd period - Tyler Seguin wins face-off versus Jesse Winchester in Bruins zone.
2:37 of 2nd period - Shot by Jordan Leopold.
2:37 of 2nd period - Goal by Jordan Leopold - Senators : 3 - Bruins : 4.
2:37 of 2nd period - Brian Boucher enters game.
2:38 of 2nd period - Ryan Kesler wins face-off versus Patrice Bergeron in neutral zone.
2:38 of 2nd period - Ales Hemsky is hit by Brad Marchand and loses puck.
2:58 of 2nd period - Ryan Kesler is hit by Toni Lydman and loses puck.
3:15 of 2nd period - Minor Penalty to Toni Lydman for High sticking.
3:16 of 2nd period - Sidney Crosby wins face-off versus Patrice Bergeron in Bruins zone.
3:17 of 2nd period - Shot by Nicklas Lidstrom.
3:17 of 2nd period - Stopped by Cam Ward with a rebound.
3:19 of 2nd period - Shot by Ales Hemsky.
3:19 of 2nd period - Shot Blocked by Zdeno Chara.
3:21 of 2nd period - Shot by Ales Hemsky.
3:21 of 2nd period - Shot Misses the Net.
3:23 of 2nd period - Shot by Sidney Crosby.
3:23 of 2nd period - Shot Misses the Net.
3:27 of 2nd period - Shot by Ales Hemsky.
3:27 of 2nd period - Shot Blocked by Zdeno Chara.
3:29 of 2nd period - Shot by Sidney Crosby.
3:29 of 2nd period - Stopped by Cam Ward with a rebound.
3:35 of 2nd period - Shot by Nicklas Lidstrom.
3:35 of 2nd period - Shot Misses the Net.
3:37 of 2nd period - Shot by Jamie Benn.
3:37 of 2nd period - Stopped by Cam Ward without a rebound.
3:38 of 2nd period - David Krejci wins face-off versus Jason Spezza in Bruins zone.
3:47 of 2nd period - Shot by John-Michael Liles.
3:47 of 2nd period - Shot Misses the Net.
3:49 of 2nd period - Shot by Jason Spezza.
3:49 of 2nd period - Shot Misses the Net.
3:51 of 2nd period - Shot by Dion Phaneuf.
3:51 of 2nd period - Goal by Dion Phaneuf - Senators : 4 - Bruins : 4.
3:51 of 2nd period - Tuukka Rask enters game.
3:52 of 2nd period - Tyler Seguin wins face-off versus Jason Spezza in neutral zone.
3:58 of 2nd period - David Jones is hit by Patrick Eaves and loses puck.
4:06 of 2nd period - Icing by Ruslan Salei.
4:07 of 2nd period - Jason Spezza wins face-off versus Derick Brassard in Senators zone.
5:05 of 2nd period - Shot by Claude Giroux.
5:05 of 2nd period - Shot Misses the Net.
5:07 of 2nd period - Shot by Claude Giroux.
5:07 of 2nd period - Shot Misses the Net.
5:09 of 2nd period - Shot by Sidney Crosby.
5:09 of 2nd period - Shot Misses the Net.
5:11 of 2nd period - Shot by Jamie Benn.
5:11 of 2nd period - Shot Misses the Net.
5:13 of 2nd period - Shot by Jamie Benn.
5:13 of 2nd period - Stopped by Tuukka Rask without a rebound.
5:14 of 2nd period - Patrice Bergeron wins face-off versus Ales Hemsky in Bruins zone.
5:14 of 2nd period - Patrice Bergeron is hit by Ryan Kesler.
5:19 of 2nd period - Minor Penalty to Ryan Kesler for Cross-checking.
5:20 of 2nd period - Milan Lucic wins face-off versus Ales Hemsky in Senators zone.
5:21 of 2nd period - Shot by Dennis Seidenberg.
5:21 of 2nd period - Stopped by Brian Boucher without a rebound.
5:22 of 2nd period - Sidney Crosby wins face-off versus Milan Lucic in Senators zone.
6:09 of 2nd period - Dion Phaneuf is hit by Milan Lucic and loses puck.
6:42 of 2nd period - Dustin Brown is hit by Dion Phaneuf and loses puck.
7:09 of 2nd period - Shot by Rick Nash.
7:09 of 2nd period - Stopped by Brian Boucher without a rebound.
7:10 of 2nd period - Jesse Winchester wins face-off versus Tyler Seguin in Senators zone.
7:37 of 2nd period - Shot by David Jones.
7:37 of 2nd period - Stopped by Brian Boucher without a rebound.
7:38 of 2nd period - Sidney Crosby wins face-off versus Rick Nash in Senators zone.
7:49 of 2nd period - Shot by Sidney Crosby.
7:49 of 2nd period - Shot Blocked by Brad Marchand.
8:30 of 2nd period - Ryan Kesler is hit by Zdeno Chara and loses puck.
8:43 of 2nd period - Shot by Dustin Brown.
8:43 of 2nd period - Stopped by Brian Boucher without a rebound.
8:44 of 2nd period - Jason Spezza wins face-off versus David Krejci in Senators zone.
9:36 of 2nd period - Shot by Ryan Kesler.
9:36 of 2nd period - Shot Misses the Net.
9:42 of 2nd period - Dion Phaneuf is hit by Milan Lucic and loses puck.
9:55 of 2nd period - Shot by Ryan Kesler.
9:55 of 2nd period - Shot Misses the Net.
10:11 of 2nd period - Sidney Crosby is hit by Benoit Pouliot and loses puck.
10:18 of 2nd period - Shot by Benoit Pouliot.
10:18 of 2nd period - Deflect By Tyler Seguin.
10:18 of 2nd period - Stopped by Brian Boucher without a rebound.
10:19 of 2nd period - Sidney Crosby wins face-off versus Derick Brassard in Senators zone.
10:32 of 2nd period - Shot by Dustin Brown.
10:32 of 2nd period - Stopped by Brian Boucher without a rebound.
10:33 of 2nd period - Jason Spezza wins face-off versus Brad Marchand in Senators zone.
11:46 of 2nd period - Evander Kane is hit by Jan Hejda and loses puck.
12:19 of 2nd period - Shot by David Jones.
12:19 of 2nd period - Shot Misses the Net.
12:21 of 2nd period - Shot by Tyler Seguin.
12:21 of 2nd period - Stopped by Brian Boucher without a rebound.
12:22 of 2nd period - Tyler Seguin wins face-off versus Ryan Kesler in Senators zone.
12:22 of 2nd period - Dennis Seidenberg is hit by Dion Phaneuf and loses puck.
12:32 of 2nd period - Ryan Kesler is hit by Dennis Seidenberg and loses puck.
12:45 of 2nd period - Shot by Ryan Kesler.
12:45 of 2nd period - Shot Misses the Net.
12:49 of 2nd period - Shot by John-Michael Liles.
12:49 of 2nd period - Stopped by Tuukka Rask without a rebound.
12:50 of 2nd period - David Krejci wins face-off versus Jason Spezza in Bruins zone.
12:50 of 2nd period - David Krejci is hit by Daniel Alfredsson.
12:53 of 2nd period - Zdeno Chara is hit by Nick Foligno and loses puck.
13:29 of 2nd period - Icing by Derek Morris.
13:30 of 2nd period - Patrice Bergeron wins face-off versus Jason Spezza in Senators zone.
13:48 of 2nd period - Minor Penalty to Toni Lydman for Tripping.
13:49 of 2nd period - Patrice Bergeron wins face-off versus Sidney Crosby in Bruins zone.
14:01 of 2nd period - Nicklas Lidstrom is hit by Dennis Seidenberg and loses puck.
14:12 of 2nd period - Double Minor Penalty to Milan Lucic for Slashing.
14:13 of 2nd period - Jason Spezza wins face-off versus Derick Brassard in Bruins zone.
14:13 of 2nd period - Jason Spezza is hit by Adam McQuaid.
15:05 of 2nd period - Shot by Ales Hemsky.
15:05 of 2nd period - Shot Misses the Net.
15:07 of 2nd period - Shot by Ales Hemsky.
15:07 of 2nd period - Shot Misses the Net.
15:09 of 2nd period - Shot by Sidney Crosby.
15:09 of 2nd period - Deflect By Jamie Benn.
15:09 of 2nd period - Stopped by Tuukka Rask without a rebound.
15:10 of 2nd period - David Krejci wins face-off versus Sidney Crosby in Bruins zone.
15:56 of 2nd period - Off-side.
15:57 of 2nd period - Patrice Bergeron wins face-off versus Jason Spezza in neutral zone.
16:00 of 2nd period - Claude Giroux is hit by Nathan Horton and loses puck.
16:59 of 2nd period - Shot by Sidney Crosby.
16:59 of 2nd period - Stopped by Tuukka Rask without a rebound.
17:00 of 2nd period - Patrice Bergeron wins face-off versus Ryan Kesler in Bruins zone.
18:04 of 2nd period - Jason Spezza is hit by Toni Lydman and loses puck.
18:31 of 2nd period - Shot by David Jones.
18:31 of 2nd period - Stopped by Brian Boucher without a rebound.
18:32 of 2nd period - Derick Brassard wins face-off versus Sidney Crosby in Senators zone.
18:33 of 2nd period - Shot by Jordan Leopold.
18:33 of 2nd period - Shot Misses the Net.
18:55 of 2nd period - Shot by Sidney Crosby.
18:55 of 2nd period - Stopped by Tuukka Rask without a rebound.
18:56 of 2nd period - Patrice Bergeron wins face-off versus Sidney Crosby in Bruins zone.
19:51 of 2nd period - Shot by Jason Spezza.
19:51 of 2nd period - Stopped by Tuukka Rask without a rebound.
19:52 of 2nd period - Tyler Seguin wins face-off versus Ales Hemsky in Bruins zone.
19:52 of 2nd period - Minor Penalty to Ryan Kesler for Roughing.
19:53 of 2nd period - Ales Hemsky wins face-off versus Tyler Seguin in Senators zone.

Period #3

0:01 of 3rd period - Derick Brassard wins face-off versus Sidney Crosby in neutral zone.
0:58 of 3rd period - Off-side.
0:59 of 3rd period - Sidney Crosby wins face-off versus Tyler Seguin in neutral zone.
1:24 of 3rd period - Shot by Jordan Leopold.
1:24 of 3rd period - Stopped by Brian Boucher without a rebound.
1:25 of 3rd period - Jesse Winchester wins face-off versus Derick Brassard in Senators zone.
1:25 of 3rd period - Jesse Winchester is hit by Derick Brassard.
2:26 of 3rd period - Shot by David Jones.
2:26 of 3rd period - Shot Misses the Net.
2:28 of 3rd period - Shot by Tyler Seguin.
2:28 of 3rd period - Shot Hit the Post.
3:17 of 3rd period - Rick Nash is hit by Claude Giroux.
3:37 of 3rd period - Jan Hejda is hit by Toni Lydman.
3:44 of 3rd period - Icing by Tobias Enstrom.
3:45 of 3rd period - Patrice Bergeron wins face-off versus Nick Foligno in Bruins zone.
3:50 of 3rd period - Jason Spezza is hit by Patrice Bergeron and loses puck.
4:09 of 3rd period - Off-side.
4:10 of 3rd period - David Krejci wins face-off versus Ryan Kesler in neutral zone.
4:13 of 3rd period - Minor Penalty to Milan Lucic for Cross-checking.
4:14 of 3rd period - Jason Spezza wins face-off versus Patrice Bergeron in Bruins zone.
5:11 of 3rd period - Minor Penalty to Jamie Benn for Cross-checking.
5:12 of 3rd period - Patrice Bergeron wins face-off versus Ales Hemsky in Senators zone.
5:34 of 3rd period - Minor Penalty to Brad Marchand for Hooking.
5:35 of 3rd period - Sidney Crosby wins face-off versus David Krejci in Bruins zone.
5:47 of 3rd period - Icing by Dion Phaneuf.
5:48 of 3rd period - Derick Brassard wins face-off versus Sidney Crosby in Senators zone.
6:29 of 3rd period - Shot by Ryan Kesler.
6:29 of 3rd period - Stopped by Tuukka Rask without a rebound.
6:30 of 3rd period - Ryan Kesler wins face-off versus Patrice Bergeron in Bruins zone.
6:43 of 3rd period - Shot by Ryan Kesler.
6:43 of 3rd period - Stopped by Tuukka Rask without a rebound.
6:44 of 3rd period - David Krejci wins face-off versus Sidney Crosby in Bruins zone.
6:53 of 3rd period - Shot by David Jones.
6:53 of 3rd period - Shot Hit the Post.
6:57 of 3rd period - Shot by David Jones.
6:57 of 3rd period - Stopped by Brian Boucher without a rebound.
6:58 of 3rd period - Ryan Kesler wins face-off versus Patrice Bergeron in Senators zone.
7:19 of 3rd period - Shot by Jason Spezza.
7:19 of 3rd period - Stopped by Tuukka Rask without a rebound.
7:20 of 3rd period - David Krejci wins face-off versus Sidney Crosby in Bruins zone.
7:20 of 3rd period - David Krejci is hit by Jamie Benn.
7:32 of 3rd period - Shot by Jamie Benn.
7:32 of 3rd period - Stopped by Tuukka Rask without a rebound.
7:33 of 3rd period - Jason Spezza wins face-off versus David Krejci in Bruins zone.
7:43 of 3rd period - Patrick Eaves is hit by Zdeno Chara and loses puck.
8:05 of 3rd period - Minor Penalty to Zdeno Chara for Roughing.
8:06 of 3rd period - Jason Spezza wins face-off versus David Krejci in Bruins zone.
8:19 of 3rd period - Shot by John-Michael Liles.
8:19 of 3rd period - Stopped by Tuukka Rask with a rebound.
8:21 of 3rd period - Shot by Dion Phaneuf.
8:21 of 3rd period - Stopped by Tuukka Rask without a rebound.
8:22 of 3rd period - Patrice Bergeron wins face-off versus Sidney Crosby in Bruins zone.
8:22 of 3rd period - Patrice Bergeron is hit by Sidney Crosby.
8:45 of 3rd period - Sidney Crosby is hit by Dennis Seidenberg and loses puck.
9:00 of 3rd period - Shot by Jamie Benn.
9:00 of 3rd period - Stopped by Tuukka Rask with a rebound.
9:22 of 3rd period - Shot by Jason Spezza.
9:22 of 3rd period - Shot Misses the Net.
9:24 of 3rd period - Shot by Claude Giroux.
9:24 of 3rd period - Shot Misses the Net.
9:26 of 3rd period - Shot by Dion Phaneuf.
9:26 of 3rd period - Shot Misses the Net.
9:30 of 3rd period - Shot by Claude Giroux.
9:30 of 3rd period - Stopped by Tuukka Rask with a rebound.
9:34 of 3rd period - Shot by Nick Foligno.
9:34 of 3rd period - Goal by Nick Foligno - Senators : 5 - Bruins : 4.
9:35 of 3rd period - Ryan Kesler wins face-off versus Evander Kane in neutral zone.
9:38 of 3rd period - Shot by Derek Morris.
9:38 of 3rd period - Stopped by Tuukka Rask without a rebound.
9:39 of 3rd period - Derick Brassard wins face-off versus Patrick Eaves in Bruins zone.
9:39 of 3rd period - Derick Brassard is hit by Patrick Eaves.
10:18 of 3rd period - Icing by Derek Morris.
10:19 of 3rd period - Jason Spezza wins face-off versus Patrice Bergeron in Senators zone.
10:54 of 3rd period - Minor Penalty to Ruslan Salei for Hooking.
10:55 of 3rd period - Jesse Winchester wins face-off versus Tyler Seguin in Senators zone.
12:05 of 3rd period - Icing by Derick Brassard.
12:06 of 3rd period - Ryan Kesler wins face-off versus Derick Brassard in Bruins zone.
12:53 of 3rd period - Dennis Seidenberg is hit by Daniel Alfredsson and loses puck.
12:59 of 3rd period - Icing by Dennis Seidenberg.
13:00 of 3rd period - Sidney Crosby wins face-off versus Tyler Seguin in Bruins zone.
13:01 of 3rd period - Shot by Claude Giroux.
13:01 of 3rd period - Shot Blocked by Dennis Seidenberg.
13:04 of 3rd period - Icing by Adam McQuaid.
13:05 of 3rd period - Ryan Kesler wins face-off versus Tyler Seguin in Bruins zone.
13:37 of 3rd period - Off-side.
13:38 of 3rd period - Sidney Crosby wins face-off versus Derick Brassard in neutral zone.
14:04 of 3rd period - Icing by Zdeno Chara.
14:05 of 3rd period - Jason Spezza wins face-off versus Derick Brassard in Bruins zone.
14:15 of 3rd period - Off-side.
14:16 of 3rd period - Jason Spezza wins face-off versus Rick Nash in neutral zone.
14:31 of 3rd period - Shot by Brad Marchand.
14:31 of 3rd period - Stopped by Brian Boucher without a rebound.
14:32 of 3rd period - Sidney Crosby wins face-off versus Tyler Seguin in Senators zone.
14:39 of 3rd period - Shot by Sidney Crosby.
14:39 of 3rd period - Shot Misses the Net.
15:44 of 3rd period - Shot by Rick Nash.
15:44 of 3rd period - Shot Misses the Net.
16:13 of 3rd period - Brad Marchand is hit by Peter Regin and loses puck.
16:18 of 3rd period - Shot by Ryan Kesler.
16:18 of 3rd period - Stopped by Tuukka Rask without a rebound.
16:19 of 3rd period - Derick Brassard wins face-off versus Ryan Kesler in Bruins zone.
16:48 of 3rd period - Shot by Dustin Brown.
16:48 of 3rd period - Shot Misses the Net.
16:54 of 3rd period - Shot by Dustin Brown.
16:54 of 3rd period - Stopped by Brian Boucher without a rebound.
16:55 of 3rd period - David Krejci wins face-off versus Jamie Benn in Senators zone.
16:55 of 3rd period - Milan Lucic is hit by Jan Hejda and loses puck.
17:06 of 3rd period - Shot by Milan Lucic.
17:06 of 3rd period - Deflect By Nathan Horton.
17:06 of 3rd period - Shot Misses the Net.
17:08 of 3rd period - Shot by Dennis Seidenberg.
17:08 of 3rd period - Shot Misses the Net.
17:10 of 3rd period - Shot by Dennis Seidenberg.
17:10 of 3rd period - Shot Misses the Net.
17:12 of 3rd period - Shot by Nathan Horton.
17:12 of 3rd period - Stopped by Brian Boucher without a rebound.
17:13 of 3rd period - Ryan Kesler wins face-off versus Patrice Bergeron in Senators zone.
17:15 of 3rd period - Icing by Ales Hemsky.
17:16 of 3rd period - Patrice Bergeron wins face-off versus Peter Regin in Senators zone.
18:00 of 3rd period - Shot by Jason Spezza.
18:00 of 3rd period - Shot Misses the Net.
18:04 of 3rd period - Shot by Daniel Alfredsson.
18:04 of 3rd period - Stopped by Tuukka Rask with a rebound.
18:19 of 3rd period - Minor Penalty to Benoit Pouliot for Cross-checking.
18:20 of 3rd period - David Krejci wins face-off versus Sidney Crosby in Bruins zone.
18:34 of 3rd period - Sidney Crosby is hit by Adam McQuaid and loses puck.
18:37 of 3rd period - Shot by Jan Hejda.
18:37 of 3rd period - Shot Blocked by Adam McQuaid.
19:24 of 3rd period - Shot by Jason Spezza.
19:24 of 3rd period - Stopped by Tuukka Rask without a rebound.
19:25 of 3rd period - Jason Spezza wins face-off versus David Krejci in Bruins zone.
19:36 of 3rd period - Shot by John-Michael Liles.
19:36 of 3rd period - Shot Misses the Net.
19:50 of 3rd period - Shot by Claude Giroux.
19:50 of 3rd period - Stopped by Tuukka Rask with a rebound.


Output by the SimonT Hockey Simulator (STHS) for Stephane Roy -- Original Page W3C XHTML 1.0 Valid